 Dungeon Crawl Stone Soup version 0.18.0-2-g198d6d4 (webtiles) character file.

16 imoen the Insei (level 2, -2/16 HPs)
             Began as a Vine Stalker Monk on May 5, 2016.
             Slain by an iguana (13 damage)
             ... on level 4 of the Dungeon.
             The game lasted 00:02:38 (487 turns).

imoen the Insei (Vine Stalker Monk)                  Turns: 487, Time: 00:02:39

Health: -2/16      AC:  2    Str: 13    XL:     2   Next: 54%
Magic:  0/3        EV: 13    Int: 10    God:
Gold:   78         SH:  0    Dex: 16    Spells: 0 memorised, 1 level left

rFire  . . .     SeeInvis .       - Unarmed
rCold  . . .     Gourm    .     a - +0 robe
rNeg   . . .     Faith    .     (no shield)
rPois  .         Spirit   +     (no helmet)
rElec  .         Dismiss  .     (no cloak)
rCorr  .         Reflect  .     (no gloves)
SustAt .         Harm     .     (no boots)
MR     .....                    (no amulet)
Stlth  ++........               (no ring)
                                (no ring)

@: not resistant to hostile enchantments, unstealthy
A: fangs 2, regeneration 1, magic shield, antimagic bite, no device heal 3, rot
immunity
a: no special abilities


You were on level 4 of the Dungeon.
You were not hungry.

You visited 1 branch of the dungeon, and saw 4 of its levels.

You collected 78 gold pieces.

Inventory:

Missiles
 j - 14 poisoned needles
Armour
 a - a +0 robe (worn)
Scrolls
 d - 2 scrolls of amnesia {unknown}
 e - 2 scrolls of identify {unknown}
 i - a scroll of immolation {unknown}
Potions
 f - a potion of degeneration {unknown}
 g - a potion of magic {unknown}
Comestibles
 b - 2 bread rations
 c - 5 fruits
 h - a slice of pizza


   Skills:
 - Level 2.6 Fighting
 - Level 2.4 Dodging
 - Level 2.4 Stealth
 + Level 4.6 Unarmed Combat


You had one spell level left.
You didn't know any spells.

Dungeon Overview and Level Annotations

Branches:
Dungeon (4/15)
 Temple: D:4-7

Altars:
Gozag


Innate Abilities, Weirdness & Mutations

You have extremely sharp teeth.
Your natural rate of healing is unusually fast.
When hurt, damage is shared between your health and your magic reserves.
Your bite disrupts and absorbs the magic of your enemies.
Potions and wands cannot restore your health.
You are immune to rotting.


Message History

f - 3 chunks of flesh You see here a dagger.
e - a scroll labeled JUMIFA IVIBLO You regained 2 hp, and now have 13/16 hp.
MP restored: 3
There is a stone staircase leading down here.
You climb downwards.
A giant gecko comes into view.
There is a stone staircase leading up here.
Unknown command.
A giant cockroach comes into view.
The giant gecko barely misses you.
You closely miss the giant gecko. Your bite misses the giant gecko.
The giant gecko bites you.
You take 2 damage, and have 13/16 hp.
You closely miss the giant gecko. Your bite misses the giant gecko.
The giant gecko bites you.
* * * LOW HITPOINT WARNING * * *
You take 4 damage, and have 9/16 hp.
MASSIVE DAMAGE!!
You now have 2/3 mp.
You hit the giant gecko.
You kill the giant gecko!
The giant cockroach misses you.
You hit the giant cockroach. The giant cockroach bites you.
* * * LOW HITPOINT WARNING * * *
The giant cockroach closely misses you.
You take 1 damage, and have 8/16 hp.
You punch the giant cockroach!
You kill the giant cockroach!
b - 2 bread rations (gained 1)
A goblin comes into view.
Unknown command.
MP restored: 3 You open the door.
A worm comes into view.
There is an open door here.
Wield which item (- for none, * to show all)? (? for menu, Esc to quit)
Okay, then.
You punch the worm! You hit the worm. You bite the worm, but do no damage.
The worm bites you but does no damage.
You punch the worm!
You kill the worm!
You see here a worm corpse.
Health restored: 16 You see here 21 stones.
You open the door.
There is an open door here.
You see here a ring mail.
A rat comes into view.
The rat barely misses you.
You closely miss the rat. The rat barely misses you.
You hit the rat.
You kill the rat!
You see here 33 bolts.
e - 2 scrolls labeled JUMIFA IVIBLO (gained 1)
You now have 24 gold pieces (gained 17).
g - an emerald potion You now have 39 gold pieces (gained 15).
Found an opulent altar of Gozag.
There is an escape hatch in the floor here.
You slide downwards.
The hatch slams shut behind you.
Unknown command.
You now have 56 gold pieces (gained 17).
An orc comes into view.
An orc comes into view.
The orc shouts!
An orc comes into view. It is wielding a club.
There is a stone staircase leading down here.
You climb downwards.
There is a stone staircase leading up here.
d - 2 scrolls labeled HUBBYSAJOF (gained 1)
You now have 69 gold pieces (gained 13).
h - a slice of pizza You see here a whip.
You open the large door.
There is a large open door here.
There is a large open door here.
You now have 78 gold pieces (gained 9).
i - a scroll labeled QAIJEA MAGGUZ All of the chunks of flesh in your inventory have rotted away.
f - a cyan potion You see here 14 poisoned needles.
j - 14 poisoned needles You open the door.
An iguana comes into view.
The iguana hisses angrily.
The iguana hisses menacingly.
There is an open door here.
You hit the iguana. The iguana closely misses you.
You hit the iguana. Your bite misses the iguana. You hit the iguana.
The iguana bites you.
* * * LOW HITPOINT WARNING * * *
You take 5 damage, and have 11/16 hp.
MASSIVE DAMAGE!!
You now have 2/3 mp.
You barely miss the iguana. The iguana bites you!
Ouch! That really hurt!
You die...

.#######.#####.##########
.# #.# #.# ......# .# #.#
#.# ......#
.#######.#####.# ......#
.......((......# ......#
.#######.####..###...?..#
.# ##.####..#.'....... .#
#.....#..#l#....... %#
#..##.#..#@#....... ##
#..##.#..#.#....... #
#..##.#..#.#....... #
#..##.#..#.#######. #
#..##.............
#######..##.#..#.#######
.........##.#..#...
########.##.#.###### #
#.##.#..


You could see an iguana.

Vanquished Creatures
  A worm (D:2)
  A giant gecko (D:2)
  A bat (D:1)
  A giant cockroach (D:2)
  2 goblins (D:1)
  2 hobgoblins (D:1)
  A ball python (D:1)
  A kobold (D:1)
  A rat (D:2)
11 creatures vanquished.

Notes
Turn   | Place    | Note
--------------------------------------------------------------
     0 | D:1      | imoen the Vine Stalker Monk began the quest for the Orb.
     0 | D:1      | Reached XP level 1. HP: 11/11 MP: 2/2
   176 | D:1      | Reached XP level 2. HP: 11/16 MP: 3/3
   298 | D:2      | Found an opulent altar of Gozag.
   487 | D:4      | Slain by an iguana

Action                   || total
-------------------------++-------
Melee: Unarmed           ||    35
       Bite              ||     5
       Punch             ||     2
Armor: Robe              ||     2
Dodge: Dodged            ||    19

Vault maps used:
D:1:      wheals_arrival_linesprint
D:2:      first_bread, dk_noncrumbling_2, grunt_gozag_statues, uniq_iyjb
D:3:      marbit_many_paths
D:4:      serial_shops, kennysheep_little_box

Table legend:
 A = Turns spent in this place as a percentage of turns spent in the entire game.
 B = Non-inter-level travel turns spent in this place as a percentage of non-inter-level travel turns spent in the entire game.
 C = Inter-level travel turns spent in this place as a percentage of turns spent in this place.
 D = Turns resting spent in this place as a percentage of non-inter-level travel turns spent in this place.
 E = Turns spent auto-exploring this place as a percentage of non-inter-level travel turns spent in this place.
 F = Non-inter-level travel turns spent in this place divided by the number of levels of this place that you've seen.
                   A       B       C       D       E      F
               +-------+-------+-------+-------+-------+----------------------
         Total | 100.0 | 100.0 |   0.3 |   0.0 |   0.0 |  82.8
       Dungeon | 100.0 | 100.0 |   0.3 |   0.0 |   0.0 |  82.8
               +-------+-------+-------+-------+-------+----------------------

Table legend:
 A = Kills in this place as a percentage of kills in entire the game.
 B = Kills by you in this place as a percentage of kills by you in the entire game.
 C = Kills by friends in this place as a percentage of kills by friends in the entire game.
 D = Other kills in this place as a percentage of other kills in the entire game.
 E = Experience gained in this place as a percentage of experience gained in the entire game.
 F = Experience gained in this place divided by the number of levels of this place that you have seen.
                   A       B       C       D       E      F
               +-------+-------+-------+-------+-------+----------------------
         Total | 100.0 | 100.0 |  -nan |  -nan | 100.0 |   5.8
       Dungeon | 100.0 | 100.0 |  -nan |  -nan | 100.0 |   5.8
               +-------+-------+-------+-------+-------+----------------------
